 Dungeon Crawl Stone Soup version 0.28.0-45-g0d030f2227 (webtiles) character file.

Game seed: 1035878062349861009

107 thiscave3701365 the Chopper (level 4, -3/49 HPs)
             Began as an Octopode Berserker on Apr 20, 2022.
             Was a Believer of Trog.
             Slain by Terence
             ... wielding a +3 trident of freezing
              (11 damage)
             ... on level 3 of the Dungeon.
             The game lasted 00:01:24 (3191 turns).

thiscave3701365 the Chopper (Octopode Berserker)    Turns: 3191, Time: 00:01:25

Health: -3/49      AC:  1    Str: 18    XL:     4   Next: 85%
Magic:  4/4        EV: 14    Int:  9    God:    Trog [**....]
Gold:   60         SH:  0    Dex: 11    Spells: 3/3 levels left

rFire   . . .      SeeInvis .   a - +0 hand axe
rCold   . . .      Faith    .   (no shield)
rNeg    . . .      Spirit   .   (helmet restricted)
rPois   .          Reflect  .   (no amulet)
rElec   .          Harm     .   (no ring)
rCorr   .          Rampage  .   (no ring)
Will    .....                   (no ring)
Stlth   ..........              (no ring)
HPRegen 0.16/turn               (no ring)
MPRegen 0.09/turn               (no ring)
                                (no ring)
                                (no ring)

@: berserking, very quick
A: almost no armour, amphibious, 8 rings, camouflage 1, gelatinous body 1,
(nimble swimmer 1), tentacles
a: Renounce Religion, Berserk, Trog's Hand


You were on level 3 of the Dungeon.
You worshipped Trog.
Trog was pleased with you.
You visited 1 branch of the dungeon, and saw 3 of its levels.

You collected 60 gold pieces.

Inventory:

Hand Weapons
 a - a +0 hand axe (weapon)
Jewellery
 g - an amulet of the acrobat
Scrolls
 b - 2 scrolls of identify {unknown}
 c - a scroll of summoning {unknown}
 d - 2 scrolls of blinking {unknown}
 e - a scroll of acquirement {unknown}
 f - 2 scrolls of amnesia {unknown}
 h - a scroll of brand weapon {unknown}
 i - a scroll of enchant armour {unknown}
 j - a scroll of holy word {unknown}
 k - a scroll of teleportation {unknown}
 l - a scroll of enchant weapon {unknown}
Potions
 m - a potion of lignification {unknown}


   Skills:
 + Level 3.7 Fighting
 + Level 3.7 Axes
 + Level 3.7 Dodging
 + Level 2.6 Stealth


You had 3 spell levels left.
You didn't know any spells.
Your spell library was empty.

Dungeon Overview and Level Annotations

Branches:
Dungeon (3/15)

Altars:

Annotations:
D:2 1 runed translucent door, Crazy Yiuf
D:3 Terence


Innate Abilities, Weirdness & Mutations

You cannot wear most types of armour.
You are amphibious.
You can wear up to eight rings at the same time.
Your skin changes colour to match your surroundings (Stealth+).
Your rubbery body absorbs attacks. (AC +1, EV +1)
((You are camouflaged when in or above water. (Stealth+)))
You have tentacles for arms and can constrict up to eight enemies at once.


Message History

Unknown command.
An endoplasm is nearby!
The endoplasm quivers.
An endoplasm is nearby!
An endoplasm is nearby!
An endoplasm is nearby!
You hit the endoplasm but do no damage. You squeeze the endoplasm.
You kill the endoplasm!
Trog accepts your kill.
A ball python comes into view.
Unknown command.
A ball python is nearby!
A ball python is nearby!
The helpless ball python fails to defend itself.
You hit the ball python.
You kill the ball python!
Trog accepts your kill.
b - 2 scrolls labelled CIWAYROUTO (gained 1) Terence the Incautious comes into view.
He is wielding a +3 trident of freezing.
Terence hits you from afar with a +3 trident of freezing!
Terence freezes you.
Terence is nearby!
Terence barely misses you.
Terence is nearby!
You hit Terence. You grab Terence.
You tentacle-slap Terence, but do no damage.
Terence is lightly wounded.
You constrict Terence.
Terence hits you with a +3 trident of freezing!
Terence freezes you.
* * * LOW HITPOINT WARNING * * *
A red film seems to cover your vision as you go berserk!
You feel yourself moving faster!
You feel mighty!
You constrict Terence, but do no damage.
Terence closely misses you.
You slash Terence!
Terence is heavily wounded.
You constrict Terence, but do no damage.
Terence hits you with a +3 trident of freezing!
You die...

# ####### # #.. ..# # #.#
#.######.# # #@###.##...#.# .
#@#......#.#.##.# #
##.#.#.##.........
#....#.###.#.##### ..# #......#
#.#.# ...# #.###### #.#.# ...#
#. #...# ...# #. ####.#
####...########. #....#
............#.#.#######....####


You could see Terence.

Vanquished Creatures
  Robin (D:2)
  An adder (D:3)
  3 gnolls (D:3)
  A worm (D:3)
  An orc (D:3)
  7 ball pythons
  A bat (D:1)
  5 endoplasms
  2 giant cockroaches
  8 goblins
  6 hobgoblins
  2 jackals (D:2)
  A quokka (D:2)
  4 frilled lizards (D:2)
  5 kobolds
  A rat (D:1)
49 creatures vanquished.

Notes
Turn   | Place    | Note
-------+----------+-------------------------------------------
     0 | D:1      | thiscave3701365 the Octopode Berserker began the quest for
                  | the Orb.
     0 | D:1      | Reached XP level 1. HP: 16/16 MP: 1/1
   474 | D:1      | Reached XP level 2. HP: 21/21 MP: 2/2
  1185 | D:2      | Noticed Robin
  1189 | D:2      | Killed Robin
  1190 | D:2      | Reached XP level 3. HP: 26/26 MP: 3/3
  1194 | D:2      | Reached skill level 1 in Stealth
  1723 | D:2      | Found a faded altar of an unknown god.
  1850 | D:2      | Found a runed translucent door.
  1852 | D:2      | Noticed Crazy Yiuf
  2589 | D:3      | Reached XP level 4. HP: 26/31 MP: 4/4
  2873 | D:3      | Reached ** piety under Trog
  3186 | D:3      | Noticed Terence
  3191 | D:3      | Slain by Terence

Illustrated notes

Levels and vault maps discovered:
D:1:      co_arrival_square_in_a_square_in_a_square, layout_basic
D:2:      layout_loops_ring, shapermc_ecumenical_altar_venn,
          uniq_crazy_yiuf_cottage, uniq_robin
D:3:      layout_loops_cross, kennysheep_generic_room_10, uniq_terence,
          uniq_ijyb

Skill      XL: |  1  2  3  4 |
---------------+-------------+-----
Stealth        | 1 2 |  2.6
Fighting       | |  3.7
Axes           | |  3.7
Dodging        | |  3.7

Action                   |  1- 3 |  4- 6 || total
-------------------------+-------+-------++-------
Melee: Hand axe          |    60 |    26 ||    86
       Constrict         |    14 |     6 ||    20
       Tentacles         |     7 |     6 ||    13
       Punch             |     1 |     1 ||     2
Invok: Berserk           |     3 |     2 ||     5
 Stab: Sleeping          |     8 |     5 ||    13
Dodge: Dodged            |    37 |    16 ||    53
